 Dungeon Crawl Stone Soup version 0.29.0-11-gd7f09526c8 (webtiles) character file.

Game seed: 11537131479465284382

49 xian the Shooter (level 3, 0/18 HPs)
             Began as a Spriggan Hunter on Sept 3, 2022.
             Slain by a gnoll
             ... wielding a +0 halberd
              (10 damage)
             ... on level 2 of the Dungeon.
             The game lasted 00:01:53 (1547 turns).

xian the Shooter (Spriggan Hunter)                  Turns: 1547, Time: 00:01:53

Health: 0/18       AC:  2    Str:  9    XL:     3   Next: 53%
Magic:  4/4        EV: 17    Int: 10    God:
Gold:   83         SH:  0    Dex: 18    Spells: 2/2 levels left

rFire   . . .      SeeInvis +   a - +1 shortbow
rCold   . . .      Faith    .   (shield currently unavailable)
rNeg    . . .      Spirit   .   c - +0 robe
rPois   .          Reflect  .   (helmet restricted)
rElec   .          Harm     .   (no cloak)
rCorr   .          Rampage  .   (gloves unavailable)
Will    .....                   (boots unavailable)
Stlth   ++........              (no amulet)
HPRegen 0.06/turn               (no ring)
MPRegen 0.09/turn               (no ring)

@: very quick
A: very small, no large weapons, unfitting armour, see invisible, speed 3
a: no special abilities


You were on level 2 of the Dungeon.
You visited 1 branch of the dungeon, and saw 2 of its levels.

You collected 83 gold pieces.

Inventory:

Hand Weapons
 a - a +1 shortbow (weapon)
 i - a +0 dagger
Armour
 c - a +0 robe (worn)
Scrolls
 b - a scroll of immolation
Potions
 f - 2 potions of mutation {unknown}


   Skills:
 + Level 1.6 Fighting
 + Level 5.2 Ranged Weapons
 + Level 2.7 Dodging
 + Level 1.6 Stealth
 * Level 0.4 Spellcasting


You had 2 spell levels left.
You didn't know any spells.
Your spell library was empty.

Dungeon Overview and Level Annotations

Branches:
Dungeon (2/15)

Altars:


Innate Abilities, Weirdness & Mutations

You are very small and have problems with some larger weapons.
You are too small for most types of armour.
You have supernaturally acute eyesight. (SInv)
You cover ground extremely quickly. (Speed+++)


Message History

The kobold shouts!
The kobold is severely wounded.
You shoot an arrow. The arrow hits the kobold.
You kill the kobold!
No target in view!
No target in view!
d - a scroll labelled WYIGGO PAFATI
As you read the scroll labelled WYIGGO PAFATI, it crumbles to dust.
It is a scroll of enchant weapon.
Your +0 shortbow glows red for a moment.
As you read the scroll labelled UMOCET ZORR, it crumbles to dust.
You feel strangely unstable.
It was a scroll of teleportation.
As you read the scroll labelled JIESEI GIFAUQ, it crumbles to dust.
You assume a fearsome visage.
Nothing appears to happen.
It was a scroll of fear.
As you read the scroll labelled YNA PASCHUO, it crumbles to dust.
Your body is wracked with pain!
It was a scroll of torment.
Unknown command.
Your surroundings suddenly seem different. 3 gnolls come into view.
You shoot an arrow. The arrow hits the gnoll.
The gnoll is heavily wounded.
The gnoll shouts!
You shoot an arrow. The gnoll shouts!
The arrow hits the gnoll.
The gnoll is heavily wounded.
You shoot an arrow. The arrow hits the gnoll.
You kill the gnoll!
You shoot an arrow. The arrow hits the gnoll.
The gnoll is moderately wounded.
You shoot an arrow. The arrow hits the gnoll.
The gnoll is heavily wounded.
The gnoll misses you. The gnoll completely misses you.
The gnoll barely misses you. The gnoll misses you.
You shoot an arrow. The arrow hits the gnoll.
The gnoll is severely wounded.
The gnoll hits you from afar with a +0 halberd!
Ouch! That really hurt!
You die...

#......... #........# .........#
###........# ##. .........# #..
#........# #.# #.)g.....# #.#
#.@.g.#
#+####.#####################
#...........................
###########.######......#########
...........<# #......#
###.....##..######......#
........+..###..........#
###.....##.# #..........#
........##.# #..........#


You could see 2 gnolls.

Vanquished Creatures
  A gnoll (D:2)
  2 dart slugs (D:1)
  2 bats (D:2)
  3 endoplasms
  5 goblins
  A hobgoblin (D:2)
  5 jackals
  4 kobolds
  2 quokkas
  A ball python (D:1)
  3 frilled lizards (D:1)
  2 rats (D:2)
31 creatures vanquished.

Notes
Turn   | Place    | Note
-------+----------+-------------------------------------------
     0 | D:1      | xian the Spriggan Hunter began the quest for the Orb.
     0 | D:1      | Reached XP level 1. HP: 10/10 MP: 2/2
   186 | D:1      | Reached XP level 2. HP: 14/14 MP: 3/3
  1289 | D:2      | Reached XP level 3. HP: 18/18 MP: 4/4
  1348 | D:2      | Reached skill level 5 in Ranged Weapons
  1547 | D:2      | Slain by a gnoll

Illustrated notes

Levels and vault maps discovered:
D:1:      minmay_arrival_five_plusses, layout_basic
D:2:      layout_basic, hellmonk_ecumenical_altar_run_dry

Skill      XL: |  1  2  3 |
---------------+----------+-----
Ranged Weapons | 5 |  5.2
Fighting       | |  1.6
Dodging        | |  2.7
Stealth        | |  1.6
Spellcasting   | |  0.4

Action                   || total
-------------------------++-------
 Fire: Shortbow          ||    64
  Use: Scroll            ||     4
Armor: Robe              ||     1
Dodge: Dodged            ||    25
